 Dungeon Crawl Stone Soup version 0.30.0-5-g1a98f26d00 (webtiles) character file.

Game seed: 6146178734550450344

178782 P0WERM0DE the Ripper (level 16, 0/84 HPs)
             Began as a Felid Necromancer on May 10, 2023.
             Was the Champion of Dithmenos.
             Slain by a spectral deep elf blademaster (11 damage)
             ... on level 2 of the Elven Halls on May 11, 2023.
             The game lasted 01:07:58 (51767 turns).

P0WERM0DE the Ripper (Felid Necromancer)           Turns: 51767, Time: 01:07:58

Health: 0/84       AC:  7    Str:  4    XL:     16   Next: 99%
Magic:  35/35      EV: 24    Int: 22    God:    Dithmenos [******]
Gold:   1206       SH:  5    Dex: 17    Spells: 0/43 levels left
                                        Lives:  0   Deaths: 4

rFire   + .          .
                       - Unarmed
rCold   + + .        (shield unavailable)
rNeg    . . .        (body armour unavailable)
rPois   .            (helmet unavailable)
rElec   +            (cloak unavailable)
rCorr   .            (gloves unavailable)
SInv    +            (boots unavailable)
Will    ++...        B - amulet of reflection
Stlth   +++++++      p - +4 ring of protection
HPRegen 0.34/turn    f - ring "Tinidig" {Wiz Drain rElec rF+}
MPRegen 0.24/turn

%: reflection, clarity, wizardry (x1)
@: wreathed by umbra, studying Dodging, quick
A: very small, claws 1, fangs 3, see invisible, speed 1, shaggy fur 3, stealthy
paws, no weapons or thrown items, no armour, multi-lived, clarity, cold
resistance 1, weak 1
}: 2/15 runes: serpentine, barnacled
a: Renounce Religion, Shadow Step, Shadow Form


You were on level 2 of the Elven Halls.
You worshipped Dithmenos.
Dithmenos was exalted by your worship.
You visited 8 branches of the dungeon, and saw 35 of its levels.

You collected 5605 gold pieces.
You spent 4399 gold pieces at shops.

Inventory:

Jewellery
 f - the ring "Tinidig" (right paw) {Wiz Drain rElec rF+}
   (You found it on level 2 of the Dungeon)

   [ring of wizardry]

   It improves your spell success rate.
   rF:        It protects you from fire.
   rElec:     It insulates you from electricity.
   Drain:     It drains your maximum health when unequipped.
 k - a ring of protection from cold
   (You found it on level 7 of the Dungeon)
 l - a +5 ring of evasion
   (You found it on level 4 of the Dungeon)
 p - a +4 ring of protection (left paw)
   (You found it on level 6 of the Dungeon)
 w - the ring "Daelluva" {Will+ rCorr Int-3 Dex+3}
   (You found it on level 2 of the Shoals)

   [ring of willpower]

   Int:       It affects your intelligence (-3).
   Dex:       It affects your dexterity (+3).
   rCorr:     It protects you from acid and corrosion.
   Will:      It increases your willpower.
 B - an amulet of reflection (around neck)
   (You found it on level 7 of the Dungeon)
 F - the ring of Tevinyethi {Wiz *Slow +Blink rF+ Str+3}
   (You found it on level 3 of the Shoals)

   [ring of wizardry]

   It improves your spell success rate.
   Str:       It affects your strength (+3).
   rF:        It protects you from fire.
   +Blink:    It lets you blink.
   *Slow:     It may slow you when you take damage.
 G - the ring "Byunk" {Wiz rPois rN+ Will- Str+3}
   (You found it on level 4 of the Lair of Beasts)

   [ring of wizardry]

   It improves your spell success rate.
   Str:       It affects your strength (+3).
   rPois:     It protects you from poison.
   rN:        It protects you from negative energy.
   Will:      It decreases your willpower.
 L - a ring of flight
   (You found it on level 1 of the Depths)
 O - an amulet of magic regeneration
   (You found it on level 2 of the Elven Halls)
Wands
 m - a wand of flame (46)
   (You found it on level 13 of the Dungeon)
 v - a wand of digging (24)
   (You found it on level 10 of the Dungeon)
 D - a wand of paralysis (4)
   (You found it on level 4 of the Lair of Beasts)
 M - a wand of mindburst (38)
   (You took it off a naga on level 3 of the Snake Pit)
Scrolls
 b - 9 scrolls of fog
 g - 6 scrolls of vulnerability
 j - a scroll of butterflies
 o - 6 scrolls of magic mapping
 r - 11 scrolls of identify
 t - 14 scrolls of teleportation
 x - 3 scrolls of amnesia
 y - 3 scrolls of poison
 z - a scroll of blinking
 C - 4 scrolls of fear
 H - 6 scrolls of immolation
 J - 5 scrolls of torment
 N - a scroll of silence
Potions
 a - 5 potions of magic
 d - a potion of might
 e - 5 potions of cancellation
 h - 2 potions of haste
 i - 2 potions of ambrosia
 n - a potion of resistance
 q - 2 potions of curing
 s - 2 potions of berserk rage
 u - 4 potions of brilliance
 A - 6 potions of mutation
 E - 9 potions of attraction
 I - 4 potions of lignification
 K - 4 potions of flight
Miscellaneous
 c - a condenser vane
   (You found it on level 15 of the Dungeon)


   Skills:
 * Level 16.8 Fighting
 * Level 11.1 Dodging
 - Level 7.5 Stealth
 * Level 16.8 Unarmed Combat
 * Level 14.2 Spellcasting
 * Level 4.9 Summonings
 * Level 7.6 Necromancy
 * Level 7.1 Translocations
 - Level 13.0 Transmutations
 - Level 11.9 Earth Magic
 - Level 5.0 Poison Magic
 * Level 3.3 Invocations
 - Level 9.0 Evocations


You couldn't memorise any spells.
You knew the following spells:

 Your Spells              Type           Power      Damage    Failure   Level
a - Apportation           Tloc           92%        N/A       1%          1
b - Blink                 Tloc           92%        N/A       1%          2
c - Lesser Beckoning      Tloc           92%        N/A       1%          2
e - Death Channel         Necr           24%        N/A       11%         6
g - Malign Gateway        Summ/Tloc      21%        N/A       71%         7
m - Sublimation of Blood  Necr           49%        N/A       1%          2
q - Statue Form           Tmut/Erth      42%        N/A       1%          6
r - Animate Dead          Necr           49%        N/A       1%          4
s - Wereblood             Tmut           64%        N/A       1%          2
w - Irradiate             Conj/Tmut      22%        3d19      3%          5
x - Olgreb's Toxic Radia  Pois           37%        N/A       1%          4
y - Ignite Poison         Fire/Tmut/Pois 42%        N/A       1%          3

Your spell library contained the following spells:

 Spells                   Type           Power      Damage    Failure   Level
 Beastly Appendage        Tmut           100%       N/A       0%          1
 Magic Dart               Conj           60%        1d6       1%          1
 Necrotise                Necr           100%       1d9       1%          1
 Sandblast                Erth           100%       2d20      1%          1
 Shock                    Conj/Air       60%        1d6       1%          1
 Slow                     Hex            60%        N/A       1%          1
 Sting                    Tmut/Pois      100%       1d8       1%          1
 Summon Small Mammal      Summ           100%       N/A       1%          1
 Call Imp                 Summ           74%        N/A       1%          2
 Cigotuvi's Dreadful Rot  Necr/Pois/Air  68%        N/A       1%          2
 Momentum Strike          Conj/Tloc      62%        3d9       1%          2
 Passwall                 Tmut/Erth      52%        N/A       1%          2
 Poisonous Vapours        Pois/Air       52%        N/A       1%          2
 Spider Form              Tmut/Pois      53%        N/A       1%          3
 Stone Arrow              Conj/Erth      82%        3d12      1%          3
 Summon Guardian Golem    Hex/Summ       26%        N/A       1%          3
 Vampiric Draining        Necr           49%        2d9       1%          3
 Dispel Undead            Necr           49%        3d18      1%          4
 Ice Form                 Ice/Tmut       44%        N/A       1%          4
 Petrify                  Tmut/Erth      63%        N/A       1%          4
 Agony                    Necr           49%        N/A       1%          5
 Alistair's Intoxication  Tmut/Pois      35%        N/A       1%          5
 Blade Hands              Tmut           32%        N/A       1%          5
 Scorch                   Fire           30%        2d6       2%          2
 Mephitic Cloud           Conj/Pois/Air  22%        N/A       2%          3
 Confusing Touch          Hex            15%        N/A       4%          3
 Hailstorm                Conj/Ice       15%        3d5       4%          3
 Inner Flame              Hex/Fire       15%        N/A       4%          3
 Ozocubu's Armour         Ice            15%        N/A       4%          3
 Swiftness                Air            15%        N/A       4%          3
 Summon Forest            Summ/Tloc      21%        N/A       4%          5
 Dragon Form              Tmut           32%        N/A       6%          7
 Airstrike                Air            7%         2d(2-18)  16%         4
 Flame Wave               Conj/Fire      15%        2d7       16%         4
 Sticky Flame             Conj/Fire      15%        2d4       16%         4
 Summon Mana Viper        Hex/Summ       26%        N/A       16%         5
 Summon Cactus Giant      Summ           18%        N/A       32%         6
 Metabolic Englaciation   Hex/Ice        7%         N/A       38%         5
 Simulacrum               Ice/Necr       16%        N/A       43%         6
 Haunt                    Necr/Summ      21%        N/A       65%         7
 Storm Form               Tmut/Air       22%        N/A       65%         7
 Spellforged Servitor     Conj/Summ      13%        N/A       99%         7
 Orb of Destruction       Conj           7%         9d6       100%        7
 Ozocubu's Refrigeration  Ice            7%         4d9       100%        7
 Discord                  Hex            7%         N/A       100%        8
 Ignition                 Fire           7%         3d5       100%        8
 Summon Horrible Things   Summ           18%        N/A       100%        8


Dungeon Overview and Level Annotations

Branches:
Dungeon (15/15)            Temple (1/1) D:5            Lair (5/5) D:11
 Shoals (4/4) Lair:3        Snake (4/4) Lair:3        Slime (0/5) Lair:4
    Orc (2/2) D:10            Elf (2/3) Orc:2        Vaults (0/5) D:14
 Depths (2/4) D:15

Altars:
Ashenzari
Cheibriados
Dithmenos
Elyvilon
Fedhas
Gozag
Hepliaklqana
Kikubaaqudgha
Makhleb
Nemelex Xobeh
Okawaru
Qazlal
Ru
Sif Muna
Trog
Uskayaw
Vehumet
Wu Jian
Xom
Yredelemnul
Zin
The Shining One
Jiyva

Shops:
D:1 =*   D:8 *   D:9 ?   Orc:2 **=[:*   Elf:1 ?[*   Snake:3 =

Portals:
Hell: Depths:1
Pandemonium: Depths:1

Annotations:
D:15 2 transporters, Uvinaotu's ghost, journeyman MiFi
Temple 2 transporters
Snake:4 3 runed translucent doors, Majang's ghost, adept DjIE; laial's ghost, adept MiFi


Innate Abilities, Weirdness & Mutations

You have sharp claws.
You have razor-sharp teeth.
You have supernaturally acute eyesight. (SInv)
You cover ground quickly. (Speed+)
Your thick and shaggy fur keeps you warm. (AC +3, rC+)
Your paws help you pounce on unaware monsters.
You are incapable of wielding weapons or throwing items.
You cannot wear armour.
You gain extra lives every three experience levels.
You possess an exceptional clarity of mind.
Your flesh is cold resistant. (rC+)
You are weak. (Str -2)


Message History

The spectral deep elf blademaster barely misses you.
The spectral deep elf blademaster completely misses you.
You claw the spectral deep elf blademaster!
Your bite misses the spectral deep elf blademaster.
The spectral deep elf blademaster is heavily damaged.
The spectral deep elf blademaster hits you but does no damage. x2
The spectral deep elf blademaster hits you. x2
* * * LOW HITPOINT WARNING * * *
You barely miss the spectral deep elf blademaster.
The spectral deep elf blademaster is heavily damaged.
Your shadow hits the spectral deep elf blademaster but does no damage.
You block the spectral deep elf blademaster's attack.
The spectral deep elf blademaster hits you.
* * * LOW HITPOINT WARNING * * *
You emit a cloud of dark smoke.
You miss the spectral deep elf blademaster.
Your claw misses the spectral deep elf blademaster.
The spectral deep elf blademaster is heavily damaged.
The spectral deep elf blademaster misses you.
The spectral deep elf blademaster barely misses you.
The spectral deep elf blademaster hits you but does no damage. x2
The spectral deep elf blademaster closely misses you.
The spectral deep elf blademaster hits you but does no damage.
You revert to your normal fleshy form.
The spectral deep elf blademaster completely misses you.
The spectral deep elf blademaster hits you.
* * * LOW HITPOINT WARNING * * *
The spectral deep elf blademaster hits you!
* * * LOW HITPOINT WARNING * * *
The spectral deep elf blademaster hits you but does no damage. x2
The spectral deep elf blademaster misses you.
The spectral deep elf blademaster attacks as you move away!
The spectral deep elf blademaster completely misses you. x2
There is an open door here.
Okay, then.
Okay, then.
The spectral deep elf blademaster attacks as you move away!
The spectral deep elf blademaster closely misses you.
The spectral deep elf blademaster hits you!
You die...

#.......###.........##..#
#.......+#8...[.....8#..#
#........+.....(.....'..#
#######..####8.........8#.##
##.....#### ##.........####
###.......## ###8.....8##.#
.........(Z#####§##.....###.#
...)..).).Z§Z§§Z§§##8.8## #)#
...........#####@..##)#####'###
.....####†## #......# #.....#
.#...# #8.8 #..#'### #.....#
.##..##..... ####.# ##...##
..##.#8...Z.8 #.# #...# ..
###)..⌠..[# #.# ##'.## .#
#8.....8# #.# ##.#.# .
##.....#### #.# ##.#### #.##
#.###.##


You could see a spectral deep elf blademaster.

Vanquished Creatures
  Mara (Shoals:3)
  Vashnia (Snake:3)
  A tentacled monstrosity (Shoals:3)
  A deep elf blademaster (Depths:1)
  A deep elf master archer (Depths:1)
  3 krakens (Shoals:3)
  Roxanne (D:15)
  Ilsuiw (Shoals:2)
  Agnes (D:15)
  6 nagarajas
  A frost giant (Depths:2)
  Louise (D:15)
  2 ghouls (Elf:2)
  3 stone giants (Depths:1)
  2 deep elf demonologists (Elf:1)
  A deep elf annihilator (Elf:1)
  4 ettins
  Josephine (D:13)
  15 merfolk impalers
  2 fire dragons
  A deep elf high priest (Elf:1)
  3 rakshasas
  3 merfolk javelineers
  4 great orbs of eyes
  4 ice dragons
  Fannar (Lair:1)
  8 vault guards (D:14)
  A salamander tyrant (Snake:2)
  A catoblepas (D:13)
  2 ogre magi (Orc:2)
  6 hydras
  7 boulder beetles
  2 merfolk avatars (Shoals:2)
  3 satyrs (Shoals:4)
  2 centaur warriors
  3 merfolk aquamancers
  A death knight (D:15)
  10 two-headed ogres
  8 dancing weapons
  12 anacondas
  18 naga warriors
  7 death yaks (Lair:5)
  An orc high priest (Orc:1)
  7 shock serpents
  6 tengu warriors
  22 naga sharpshooters
  4 hell knights (D:12)
  2 deep elf knights (Elf:1)
  5 skysharks
  Amaemon (Lair:3)
  2 sixfirhies (Depths:1)
  6 salamander mystics
  4 sea snakes
  2 deep trolls (Orc:2)
  2 naga ritualists
  An elf simulacrum (Elf:2)
  3 deep elf archers (Elf:1)
  3 lindwurms
  A shadow demon (Depths:1)
  4 wizards
  A wolf spider zombie (D:15)
  14 harpies
  2 orc knights
  16 deep elf pyromancers
  21 deep elf zephyrmancers
  3 ugly things (Depths:2)
  4 necromancers
  A wolf spider (D:15)
  8 mana vipers
  23 fauns
  3 orc sorcerers
  14 manticores
  12 cyclopes
  9 elephants
  12 salamanders
  19 naga magi
  9 guardian serpents
  A centaur zombie (D:15)
  2 rust devils (D:12)
  27 black mambas
  5 water nymphs
  13 merfolk sirens
  An unseen horror (D:10)
  3 molten gargoyles (Lair:5)
  3 orange demons
  A torpor snail (shapeshifter) (D:14)
  A torpor snail (Lair:4)
  14 cane toads
  A kobold demonologist (D:10)
  2 freezing wraiths (D:15)
  A tengu conjurer (Depths:1)
  19 komodo dragons
  A rime drake (shapeshifter) (D:13)
  27 merfolk
  13 trolls
  A queen bee (shapeshifter) (D:15)
  3 wind drakes
  A wolf spider simulacrum (D:15)
  A tarantella (Lair:3)
  2 polar bears
  6 dream sheep
  19 blink frogs
  A jumping spider (Lair:3)
  3 slime creatures (D:15)
  A meliai zombie (D:15)
  6 snapping turtles
  An air elemental (Elf:1)
  A flying skull (Elf:2)
  4 shadows
  A centaur simulacrum (D:15)
  A vampire (D:10)
  2 fire elementals
  4 wyverns
  A spriggan (shapeshifter) (D:15)
  11 water elementals
  9 wraiths
  52 yaks
  A steam dragon (Lair:5)
  7 basilisks
  A neqoxec (Depths:1)
  A redback (Lair:3)
  3 vampire mosquitoes (D:12)
  7 wargs
  An acid dragon (D:9)
  54 nagas
  10 hell hounds
  10 water moccasins
  26 orc warriors
  A sky beast (D:7)
  3 black bears
  21 ogres
  A tengu (shapeshifter) (D:14)
  6 centaurs
  4 wolves (Lair:5)
  2 phantoms (D:5)
  A kobold brigand (D:7)
  5 bullfrogs
  An earth elemental (Elf:2)
  4 gnoll sergeants
  5 scorpions
  3 wights (D:9)
  15 killer bees
  6 howler monkeys
  5 electric eels
  8 lava snakes
  8 hounds
  2 sleepcaps
  14 orc priests
  2 gnoll boudas
  6 jellies
  16 iguanas
  20 orc wizards
  Terence (D:3)
  Robin (D:3)
  21 gnolls
  3 adders
  A shadow imp (D:8)
  A white imp (D:7)
  An ufetubus (D:4)
  2 worms
  2 dart slugs
  81 orcs
  8 endoplasms
  2 giant cockroaches
  11 goblins
  11 hobgoblins
  3 jackals (D:3)
  30 kobolds
  6 quokkas
  10 ball pythons
  9 bats
  15 frilled lizards
  6 rats
  A spectral orc (D:5)
  3 tentacles (Shoals:3)
1178 creatures vanquished.

Vanquished Creatures (collateral kills)
  A nagaraja (Snake:4)
  A merfolk impaler (Shoals:4)
  2 centaur warriors (Shoals:1)
  A merfolk aquamancer (Shoals:1)
  A naga sharpshooter (Snake:4)
  A sea snake (Shoals:1)
  A naga ritualist (Snake:4)
  2 deep elf zephyrmancers (Elf:1)
  4 harpies
  4 fauns
  An ugly thing (Depths:2)
  2 manticores (Shoals:4)
  A naga mage (Snake:4)
  5 merfolk
  2 wind drakes
  A snapping turtle (Shoals:3)
  A water elemental (Shoals:1)
  2 nagas (Snake:4)
  An orc wizard (D:10)
  5 gnolls
  An ufetubus (D:4)
  A dart slug (D:2)
  A goblin (D:3)
  A hobgoblin (D:3)
  A rat (D:3)
44 creatures vanquished.

Vanquished Creatures (others)
  2 anaconda zombies (Snake:4)
  A harpy (Shoals:1)
  A faun (Shoals:4)
  An unseen horror (D:11)
  A tengu conjurer (Depths:2)
  2 sea snake zombies (Shoals:1)
  2 harpy zombies (Shoals:1)
  3 faun zombies (Shoals:4)
  A naga (Snake:4)
  3 salamander zombies (Snake:4)
  3 merfolk zombies
  A snapping turtle zombie (Shoals:3)
  2 naga zombies (Snake:4)
  An orc wizard (D:11)
  A gnoll zombie (D:10)
  An orc (Orc:2)
  28 tentacles (Shoals:3)
54 creatures vanquished.

Grand Total: 1276 creatures vanquished

Notes
Turn   | Place    | Note
-------+----------+-------------------------------------------
     0 | D:1      | P0WERM0DE the Felid Necromancer began the quest for the
                  | Orb.
     0 | D:1      | Reached XP level 1. HP: 7/7 MP: 4/4
    21 | D:1      | Found Dotuwyegh's General Store.
   112 | D:1      | Found Comuot's Jewellery Emporium.
   262 | D:1      | Reached XP level 2. HP: 12/12 MP: 3/6
  1358 | D:2      | Reached skill level 1 in Unarmed Combat
  1364 | D:2      | Noticed a scorpion
  1385 | D:2      | Reached XP level 3. HP: 14/15 MP: 7/7
  1403 | D:2      | Reached skill level 1 in Fighting
  1734 | D:2      | You fall into a shaft and drop 2 floors!
  2187 | D:4      | Reached XP level 4. HP: 7/19 MP: 9/9
  2235 | D:4      | Learned a level 3 spell: Vampiric Draining
  2250 | D:4      | Noticed an ogre
  2307 | D:3      | Noticed Robin
  2455 | D:2      | Killed a scorpion
  2456 | D:2      | Reached XP level 5. HP: 14/22 MP: 10/10
  2826 | D:2      | Identified the ring "Tinidig" {Wiz Drain rElec rF+}
  3067 | D:3      | Killed Robin
  3139 | D:3      | Noticed Terence
  3146 | D:3      | Killed Terence
  3184 | D:3      | Learned a level 4 spell: Animate Dead
  3985 | D:4      | Found a blossoming altar of Fedhas.
  3986 | D:4      | Found an ancient bone altar of Kikubaaqudgha.
  4248 | D:4      | Gained mutation: You are covered in thick fur. (AC +2)
                  | [Felid growth]
  4248 | D:4      | Reached XP level 6. HP: 27/27 MP: 2/11
  4301 | D:4      | Reached skill level 5 in Necromancy
  4808 | D:4      | Reached XP level 7. HP: 28/31 MP: 0/13
  5016 | D:4      | Found an iron altar of Okawaru.
  5017 | D:4      | Found a sparkling altar of Nemelex Xobeh.
  5385 | D:5      | Entered Level 5 of the Dungeon
  5445 | D:5      | Reached skill level 1 in Evocations
  5649 | D:5      | Found a staircase to the Ecumenical Temple.
  5661 | Temple   | Entered the Ecumenical Temple
  5661 | Temple   | Found a transporter.
  5661 | Temple   | Found a transporter.
  5663 | Temple   | Found a transporter.
  5663 | Temple   | Found a transporter.
  5698 | Temple   | Became a worshipper of Dithmenos the Shadowed
  6177 | D:5      | Reached XP level 8. HP: 27/35 MP: 9/15
  6264 | D:5      | Learned a level 1 spell: Apportation
  6268 | D:5      | Learned a level 3 spell: Swiftness
  6289 | D:5      | Found a bloodstained altar of Trog.
  6607 | D:5      | Found a basalt altar of Yredelemnul.
  6698 | D:6      | Learned a level 2 spell: Blink
  6728 | D:6      | Reached skill level 5 in Stealth
  6854 | D:6      | Reached skill level 5 in Dodging
  7522 | D:6      | Reached * piety under Dithmenos
  7874 | D:7      | Reached skill level 5 in Spellcasting
  7958 | D:7      | Reached XP level 9. HP: 37/39 MP: 9/17
  8375 | D:7      | Found a radiant altar of Vehumet.
  8428 | D:7      | Reached skill level 5 in Unarmed Combat
  8501 | D:7      | Reached skill level 5 in Fighting
  8894 | D:8      | Noticed a two-headed ogre
  8909 | D:8      | Killed a two-headed ogre
  8909 | D:8      | Reached ** piety under Dithmenos
  9378 | D:8      | Noticed a two-headed ogre
  9443 | D:8      | Killed a two-headed ogre
  9444 | D:8      | Reached skill level 5 in Evocations
  9594 | D:8      | Found Asapibu's General Store.
  9597 | D:8      | Bought a potion of invisibility for 120 gold pieces
  9597 | D:8      | Bought a potion of curing for 45 gold pieces
  9810 | D:8      | Reached XP level 10. HP: 45/45 MP: 11/19
 10444 | D:9      | Found Yhujibly's Magic Scroll Boutique.
 10472 | D:9      | Bought a scroll of identify for 30 gold pieces
 10472 | D:9      | Bought a scroll of teleportation for 45 gold pieces
 10472 | D:9      | Bought a scroll of identify for 30 gold pieces
 10472 | D:9      | Bought a scroll of identify for 30 gold pieces
 10472 | D:9      | Bought a scroll of immolation for 60 gold pieces
 10952 | D:9      | Reached *** piety under Dithmenos
 11255 | D:10     | Entered Level 10 of the Dungeon
 11464 | D:10     | Identified a scroll of acquirement
 11715 | D:10     | Acquired a Young Poisoner's Handbook
 11722 | D:10     | Learned a level 4 spell: Olgreb's Toxic Radiance
 11845 | D:10     | Found a staircase to the Orcish Mines.
 12133 | D:10     | Found a broken altar of Ashenzari.
 12133 | D:10     | Found a burning altar of Makhleb.
 12193 | D:11     | Noticed a cyclops
 12225 | D:11     | Reached skill level 1 in Poison Magic
 12336 | D:11     | Killed a cyclops
 12337 | D:11     | Reached XP level 11. HP: 50/50 MP: 22/22
 12669 | D:11     | Found a staircase to the Lair.
 12783 | D:12     | Reached **** piety under Dithmenos
 13528 | D:12     | Noticed a hell knight
 13530 | D:12     | Noticed a hell knight
 13551 | D:12     | Killed a hell knight
 13604 | D:12     | Found a runed translucent door.
 13630 | D:12     | Killed a hell knight
 13634 | D:12     | Noticed a great orb of eyes
 13634 | D:12     | Noticed a hell knight
 13634 | D:12     | Noticed a hell knight
 13698 | D:12     | Noticed a necromancer
 13701 | D:12     | Killed a necromancer
 13868 | D:12     | Noticed a two-headed ogre
 13932 | D:12     | Killed a two-headed ogre
 14199 | D:12     | Noticed a boulder beetle
 14215 | D:12     | Killed a boulder beetle
 14486 | D:12     | Gained mutation: Your thick and shaggy fur keeps you warm.
                  | (AC +3, rC+) [Felid growth]
 14486 | D:12     | Reached XP level 12. HP: 56/56 MP: 25/25
 14757 | D:12     | Mangled by a hell knight
 14758 | D:12     | Reached XP level 11. HP: -6/52 MP: 18/24
 14839 | D:12     | Killed a great orb of eyes
 14891 | D:12     | Noticed a necromancer
 14901 | D:12     | Killed a necromancer
 14919 | D:12     | Noticed a wizard
 14920 | D:12     | Noticed a wizard
 14943 | D:12     | Killed a wizard
 15059 | D:12     | Killed a wizard
 15077 | D:12     | Killed a hell knight
 15228 | D:12     | Killed a hell knight
 15395 | D:12     | Noticed a necromancer
 15405 | D:12     | Killed a necromancer
 15406 | D:12     | Reached skill level 5 in Poison Magic
 15564 | D:12     | Identified the orb "Ekhe" {light, rC+ rN+ Will+ Int-4}
 15897 | Lair:1   | Entered Level 1 of the Lair of Beasts
 15908 | D:11     | Learned a level 7 spell: Dragon Form
 16117 | Orc:1    | Entered Level 1 of the Orcish Mines
 16137 | Orc:1    | Noticed an orc high priest
 16140 | Orc:1    | Reached skill level 1 in Transmutations
 16287 | Orc:1    | Noticed a sun demon
 16291 | Orc:1    | Killed an orc high priest
 16404 | Orc:1    | Reached ***** piety under Dithmenos
 16492 | Orc:1    | Noticed an ettin
 16521 | Orc:1    | Killed an ettin
 16558 | Orc:1    | Reached XP level 12. HP: 53/57 MP: 12/26
 16901 | Orc:2    | Entered Level 2 of the Orcish Mines
 17006 | Orc:2    | Noticed a two-headed ogre
 17006 | Orc:2    | Noticed an ettin
 17007 | Orc:2    | Noticed a two-headed ogre
 17026 | Orc:2    | Found Osucunkeg's General Store.
 17043 | Orc:2    | Killed a two-headed ogre
 17214 | Orc:2    | Noticed an ogre mage
 17214 | Orc:2    | Noticed a two-headed ogre
 17218 | Orc:2    | Noticed an ogre mage
 17219 | Orc:2    | Noticed a two-headed ogre
 17219 | Orc:2    | Noticed a two-headed ogre
 17220 | Orc:2    | Paralysed by an ogre mage for 2 turns
 17223 | Orc:2    | Found Uxzurium's Jewellery Shop.
 17224 | Orc:2    | Found Myec's Antique Armour Shop.
 17244 | Orc:2    | Killed an ogre mage
 17245 | Orc:2    | Killed a two-headed ogre
 17246 | Orc:2    | Reached skill level 10 in Fighting
 17246 | Orc:2    | Reached skill level 10 in Unarmed Combat
 17247 | Orc:2    | Found Maob's General Store.
 17247 | Orc:2    | Found Tifforuo's Book Emporium.
 17254 | Orc:2    | Bought a book of Sloth for 540 gold pieces
 17255 | Orc:2    | Found a staircase to the Elven Halls.
 17264 | Orc:2    | Noticed a two-headed ogre
 17283 | Orc:2    | Found Iliaf's Gadget Gallery.
 17287 | Orc:2    | Killed an ogre mage
 17547 | Orc:1    | Learned a level 6 spell: Statue Form
 17827 | Lair:1   | Reached skill level 1 in Earth Magic
 17958 | Lair:1   | Found a white marble altar of Elyvilon.
 18228 | Lair:1   | Reached skill level 5 in Transmutations
 18507 | Lair:1   | Noticed Fannar
 18528 | Lair:1   | Killed Fannar
 18545 | Lair:1   | Reached ****** piety under Dithmenos
 18856 | Lair:1   | Learned a level 2 spell: Lesser Beckoning
 19593 | Lair:2   | Reached skill level 10 in Spellcasting
 19619 | Lair:2   | Reached XP level 13. HP: 22/62 MP: 4/28
 20399 | Lair:3   | Found a staircase to the Snake Pit.
 20934 | Lair:3   | Noticed Amaemon
 20950 | Lair:3   | Killed Amaemon
 21256 | Lair:3   | Gained mutation: You have hidden genetic potential.
                  | [mutagenic glow]
 21374 | Lair:3   | Found a staircase to the Shoals.
 21837 | Lair:3   | Found a runed translucent door.
 21840 | Lair:3   | Found the +5 demon whip "Spellbinder" {antimagic, disrupt,
                  | Will+}
 21876 | Lair:3   | Found a runed translucent gate.
 21876 | Lair:3   | Found a runed translucent gate.
 21876 | Lair:3   | Found a runed translucent gate.
 21876 | Lair:3   | Found a runed translucent gate.
 21876 | Lair:3   | Found a runed translucent gate.
 21876 | Lair:3   | Found a runed translucent gate.
 22000 | Lair:4   | You fall into a shaft and drop 1 floor!
 22000 | Lair:5   | Entered Level 5 of the Lair of Beasts
 22342 | Lair:5   | Reached skill level 5 in Earth Magic
 22705 | Lair:5   | Reached XP level 14. HP: 68/68 MP: 18/29
 22874 | Lair:4   | Found a staircase to the Slime Pits.
 22884 | Lair:4   | Found a viscous altar of Jiyva.
 23434 | Lair:4   | Gained mutation: You possess an exceptional clarity of
                  | mind. [hidden potential]
 23805 | Lair:4   | Identified the ring "Byunk" {Wiz rPois rN+ Will- Str+3}
 24526 | Lair:5   | Found a large runed translucent door.
 24527 | Lair:5   | Found a large runed translucent door.
 24973 | Lair:5   | Learned a level 2 spell: Sublimation of Blood
 24979 | Lair:5   | Learned a level 5 spell: Irradiate
 26139 | Orc:2    | Bought a scroll of identify for 26 gold pieces
 26139 | Orc:2    | Bought a scroll of identify for 26 gold pieces
 26139 | Orc:2    | Bought a scroll of fog for 52 gold pieces
 26139 | Orc:2    | Bought a scroll of identify for 26 gold pieces
 26239 | Orc:2    | Reached skill level 10 in Transmutations
 26319 | Orc:2    | Reached XP level 15. HP: 73/73 MP: 23/30
 26405 | Orc:2    | Bought a scroll of blinking for 120 gold pieces
 26405 | Orc:2    | Bought a scroll of fear for 64 gold pieces
 26405 | Orc:2    | Bought a scroll of teleportation for 48 gold pieces
 26405 | Orc:2    | Bought a scroll of fog for 64 gold pieces
 26405 | Orc:2    | Bought a potion of mutation for 128 gold pieces
 27082 | D:13     | Noticed Josephine
 27103 | D:13     | Killed Josephine
 27919 | D:14     | Gained mutation: Your flesh is cold resistant. (rC+)
                  | [hidden potential]
 27919 | D:14     | Lost mutation: You have hidden genetic potential. [hidden
                  | potential expressed]
 28110 | D:14     | Found a gate to the Vaults.
 29256 | D:15     | Entered Level 15 of the Dungeon
 29301 | D:15     | Identified Roxanne's Omnibus of the Switch
 29301 | D:15     | Noticed Roxanne
 29571 | D:15     | Killed Roxanne
 29704 | D:15     | Noticed Uvinaotu's ghost (journeyman MiFi)
 29723 | D:15     | Noticed Agnes
 29729 | D:15     | Killed Agnes
 30059 | D:15     | Found a transporter.
 30075 | D:15     | Found a transporter.
 30163 | D:15     | Found a staircase to the Depths.
 30684 | D:15     | Noticed Louise
 30707 | D:15     | Killed Louise
 31311 | Snake:1  | Entered Level 1 of the Snake Pit
 32386 | Orc:2    | Bought an Everburning Encyclopedia for 540 gold pieces
 32390 | Orc:2    | Learned a level 3 spell: Ignite Poison
 33109 | Snake:2  | Reached XP level 16. HP: 79/79 MP: 27/32
 35730 | Snake:3  | Noticed Vashnia
 35747 | Snake:3  | Killed Vashnia
 35762 | Snake:3  | Found Atuusog's Jewellery Shoppe.
 36310 | Snake:4  | Entered Level 4 of the Snake Pit
 36339 | Snake:3  | Reached skill level 10 in Earth Magic
 36342 | Snake:3  | Acquired 657 gold pieces
 37176 | Snake:4  | Mangled by a nagaraja
 37177 | Snake:4  | Reached XP level 15. HP: -6/76 MP: 31/31
 37209 | Snake:4  | Killed a nagaraja
 37300 | Snake:4  | Found a runed translucent gate.
 37300 | Snake:4  | Found a runed translucent gate.
 37300 | Snake:4  | Found a runed translucent gate.
 37307 | Snake:4  | Noticed laial's ghost (adept MiFi)
 37308 | Snake:4  | Noticed Majang's ghost (adept DjIE)
 37383 | Snake:4  | Reached XP level 16. HP: 80/80 MP: 25/33
 38162 | Snake:4  | Reached skill level 15 in Unarmed Combat
 38165 | Snake:4  | Reached skill level 15 in Fighting
 38859 | Snake:4  | Got a serpentine rune of Zot
 39086 | Shoals:1 | Entered Level 1 of the Shoals
 39166 | Shoals:1 | Noticed a kraken
 40284 | Shoals:2 | Noticed Ilsuiw
 40462 | Shoals:2 | Reached XP level 17. HP: 29/85 MP: 13/34
 40464 | Shoals:2 | Killed Ilsuiw
 41328 | Shoals:2 | Identified the ring "Daelluva" {Will+ rCorr Int-3 Dex+3}
 41691 | Shoals:3 | Noticed Mara
 41697 | Shoals:3 | Killed Mara
 42069 | Shoals:3 | Noticed a kraken
 42118 | Shoals:3 | Killed a kraken
 42499 | Shoals:3 | Noticed a kraken
 42510 | Shoals:3 | Killed a kraken
 43052 | Shoals:3 | Noticed a tentacled monstrosity
 43057 | Shoals:3 | Killed a tentacled monstrosity
 43092 | Shoals:3 | Got Sif Muna's Cyclopedia of Mad Ravings
 43094 | Shoals:3 | Identified the ring of Tevinyethi {Wiz *Slow +Blink rF+
                  | Str+3}
 43104 | Shoals:3 | Learned a level 7 spell: Malign Gateway
 43150 | Shoals:3 | Paralysed by a great orb of eyes for 3 turns
 43230 | Shoals:3 | Noticed a kraken
 43252 | Shoals:3 | Killed a kraken
 43253 | Shoals:3 | Reached skill level 1 in Translocations
 43348 | Shoals:4 | Entered Level 4 of the Shoals
 43353 | Shoals:4 | Reached skill level 1 in Summonings
 43444 | Shoals:4 | Learned a level 6 spell: Death Channel
 44804 | Shoals:4 | Got a barnacled rune of Zot
 44955 | Shoals:4 | Identified the +4 halberd "Cyusoed" {antimagic, Contam
                  | +Blink Will+}
 45273 | Shoals:4 | Reached XP level 18. HP: 74/91 MP: 17/36
 45315 | Shoals:4 | Identified the +3 leather armour "Womoceor" {Rampage Int+4
                  | Stlth+}
 46011 | Lair:3   | Learned a level 2 spell: Wereblood
 46241 | Depths:1 | Entered Level 1 of the Depths
 46460 | Depths:1 | Acquired 1080 gold pieces
 46568 | Depths:1 | Reached skill level 5 in Translocations
 46664 | Depths:1 | Identified the +10 shadow dragon scales "Qaul" {rElec Int+5
                  | Stlth++++}
 46668 | Depths:1 | Slain by a deep elf blademaster (illusionary)
 46669 | Depths:1 | Reached XP level 17. HP: -5/113 MP: 10/35
 46710 | Depths:1 | Reached skill level 1 in Invocations
 46724 | Depths:1 | Found a one-way gate leading to the halls of Pandemonium.
 46913 | Depths:1 | Gained mutation: You are weak. (Str -2) [a neqoxec]
 47388 | Depths:1 | Noticed a deep elf master archer
 47398 | Depths:1 | Killed a deep elf master archer
 47567 | Depths:1 | Killed a deep elf blademaster
 48254 | Depths:1 | Found a gateway to Hell.
 48378 | Depths:1 | Noticed a hellephant
 48383 | Depths:1 | Noticed a hellephant
 48384 | Depths:1 | Noticed a doom hound
 49267 | Depths:2 | Slain by an ice dragon
 49268 | Depths:2 | Reached XP level 16. HP: 0/107 MP: 26/34
 49739 | Elf:1    | Entered Level 1 of the Elven Halls
 49816 | Elf:1    | Reached skill level 10 in Dodging
 50083 | Elf:1    | Found Xubiut's Magic Scroll Shoppe.
 50088 | Elf:1    | Found Badghe Notu's Antique Armour Shoppe.
 50091 | Elf:1    | Bought a scroll of teleportation for 57 gold pieces
 50091 | Elf:1    | Bought a scroll of teleportation for 57 gold pieces
 50091 | Elf:1    | Bought a scroll of teleportation for 57 gold pieces
 50091 | Elf:1    | Bought a scroll of fear for 76 gold pieces
 50091 | Elf:1    | Bought a scroll of magic mapping for 142 gold pieces
 50318 | Elf:1    | Noticed an Executioner
 50318 | Elf:1    | Noticed a Brimstone Fiend
 50600 | Elf:1    | Got the Teachings on Formation
 50641 | Elf:1    | Found a shimmering blue altar of Sif Muna.
 50757 | Elf:1    | Found Tebbenu's Overcharged Wands.
 50763 | Elf:1    | Bought a wand of digging (11) for 693 gold pieces
 50763 | Elf:1    | Bought a wand of digging (11) for 693 gold pieces
 50763 | Elf:1    | Bought a wand of mindburst (30) for 630 gold pieces
 51767 | Elf:2    | Slain by a spectral deep elf blademaster

Illustrated notes

Levels and vault maps discovered:
D:1:      kennysheep_arrival_seaside, layout_basic, serial_shops,
          nicolae_square_shop, shop, minmay_cupped
D:2:      layout_loops_corners, minmay_gold_behind_fungi, minmay_guardbox
D:3:      layout_loops_ring, uniq_robin, uniq_terence
D:4:      kennysheep_kobold_camp, layout_gridville,
          gammafunk_temple_overflow_statue,
          grunt_temple_overflow_growth_and_decay,
          chequers_serial_rivers_small_a, minmay_fountain_box
D:5:      layout_cave_pods, yredelemnul_forgotten_temple_becter,
          mainiacjoe_overflow_brackets, minmay_temple_entry_glassed_door
D:6:      layout_rooms, nicolae_water_bricks, kennysheep_generic_room_9
D:7:      layout_cave_pools, mainiacjoe_overflow_six_doors_small,
          dreamdust_mushroom_princess, lightli_orcish_oven
D:8:      layout_basic, serial_shops, kennysheep_mini_moat, grunt_ogre_cave
D:9:      layout_irregular_city, serial_shops, nicolae_square_shop,
          nicolae_figureground_pulse
D:10:     layout_gridville, gammafunk_temple_overflow_wave, orc_0_dummy
D:11:     layout_cave_pools, david_lair_shrubbed
D:12:     mludivico_vault, layout_basic, nooodl_orcs_dogs
D:13:     layout_basic, uniq_josephine
D:14:     layout_loops_ring, erik_vaults_2, hangedman_abyss_or_decor_lesser_grid
D:15:     grunt_enter_depths_magical_seal, layout_loops_ring, serial_glass,
          glass_columns_b, glass_columns_c, nrook_pool_corridor,
          gammafunk_ghost_stat_death, drop_trap, uniq_roxanne, uniq_agnes,
          uniq_louise
Temple:   hellmonk_temple_divided_pantheon
Lair:1:   lemuel_reptile_caves, layout_loops_ring, basic_altar,
          grunt_megastairs_4, uniq_fannar
Lair:2:   layout_loops_ring
Lair:3:   gammafunk_indiana_jones, layout_regular_city,
          nicolae_shoals_entry_roost, minmay_snake_entry_guardpost_small,
          serial_bayou_pond_d, nicolae_lair_liquid_snakes, uniq_amaemon
Lair:4:   layout_regular_city, nicolae_slime_entry_field_trip,
          beast_lair_carwin_6
Lair:5:   cheibrodos_lair_end_hotspot, layout_loops_ring, lookout_lair_type
Shoals:1: layout_shoals
Shoals:2: argonaut_golden_fleece, layout_shoals, uniq_ilsuiw
Shoals:3: dreamdust_from_the_deep, layout_shoals, uniq_mara
Shoals:4: shoals_end_grunt_garden, layout_shoals
Snake:1:  layout_cave_pods
Snake:2:  layout_basic
Snake:3:  layout_honeycomb, serial_shops, nicolae_shop_gaudy_bauble,
          nicolae_snake_coiling_death, grunt_megastairs_5, uniq_vashnia
Snake:4:  grunt_snake_rune_serpentine_throne, layout_cave_pods,
          gammafunk_ghost_cemetery
Orc:1:    layout_caves, basic_altar
Orc:2:    st_orc_open, layout_caves, serial_shops, shop, nicolae_shop_gadgets
Elf:1:    nicolae_elf_arrival_fired_up, layout_geoelf_diagonals, basic_altar,
          minmay_elf_demonology, nicolae_shop_overcharged_wands,
          grunt_megastairs_3, minmay_shop_star
Elf:2:    nicolae_elf_blades_crystal_corner, layout_geoelf_octagon,
          dk_noncrumbling_4, corexii_hall_statues_i, nicolae_elf_deep_mausoleum
Depths:1: layout_gridlike, rand_demon_pan_entry_3, hell_entry,
          minmay_misc_feat_more_columns, beargit_elvish_explorers
Depths:2: minmay_the_grid_octo_tiled_octocenter [minmay_the_grid_octo_horde,
          minmay_the_grid_octo_chip, minmay_the_grid_octo_clover_2,
          minmay_the_grid_octo_checkered,
          minmay_the_grid_octo_prize_ultimate_mussel_roller,
          minmay_the_grid_square_5x5_n_small, minmay_the_grid_square_5x5_seven,
          minmay_the_grid_square_5x5_v, minmay_the_grid_square_5x5_inner_z],
          layout_cave_pools, enter_ziggurat_a, pf_hell_entry_tar_spiral,
          grunt_dithmenos_smoke, grunt_pan_entry_zigzag, serial_shops,
          nicolae_shop_tiny_statue_garden, kennysheep_opposing_triangles,
          infiniplex_staircase_zigzag_5

Skill      XL: |  1  2  3  4  5  6  7  8  9 10 11 12 13 14 15 16 17 18 |
---------------+-------------------------------------------------------+-----
Unarmed Combat | 1 2 3 4 6 7 9 10 11 13 15 16 | 16.8
Fighting       | 1 2 3 4 5 7 9 10 11 12 13 15 16 | 16.8
Stealth        | 3 4 5 6 7 |  7.5
Spellcasting   | 3 4 5 7 9 10 12 14 13 | 14.2
Dodging        | 3 4 6 7 9 11 | 11.1
Necromancy     | 5 6 7 |  7.6
Evocations     | 1 3 5 7 9 |  9.0
Poison Magic   | 1 5 |  5.0
Transmutations | 2 5 8 10 11 13 | 13.0
Earth Magic    | 2 5 7 8 11 | 11.9
Translocations | 7 4 5 |  7.1
Summonings     | 4 3 |  4.9
Invocations    | 3 1 |  3.3

Action                     |  1- 3 |  4- 6 |  7- 9 | 10-12 | 13-15 | 16-18 || total
---------------------------+-------+-------+-------+-------+-------+-------++-------
  Melee: Unarmed           |    22 |    87 |   180 |   591 |  1005 |  1173 ||  3058
         Bite              |     4 |     5 |    15 |    87 |   185 |   207 ||   503
         Punch             |     2 |     3 |     8 |    41 |   117 |   136 ||   307
   Cast: Necrotise         |    81 |   112 |   162 |     5 |     3 |       ||   363
         Vampiric Draining |       |     6 |    34 |    62 |     7 |       ||   109
         Animate Dead      |       |       |       |     1 |     2 |    23 ||    26
         Olgreb's Toxic Ra |       |       |       |    95 |    51 |   103 ||   249
         Statue Form       |       |       |       |       |    96 |   178 ||   274
         Blink             |       |       |       |       |     1 |       ||     1
         Ignite Poison     |       |       |       |       |       |    48 ||    48
         Death Channel     |       |       |       |       |       |    14 ||    14
Ability: End Transformatio |       |       |       |       |       |     2 ||     2
  Evoke: Wand              |       |       |     7 |    49 |    13 |    11 ||    80
         Condenser vane    |       |       |       |       |     1 |     3 ||     4
    Use: Scroll            |     3 |     7 |     8 |    11 |    10 |    20 ||    59
         Potion            |     1 |       |       |    11 |     4 |    16 ||    32
   Stab: Sleeping          |       |     1 |     9 |    15 |    19 |     9 ||    53
         Distracted        |       |       |     1 |     4 |     3 |     8 ||    16
         Paralysed         |       |       |     2 |    11 |     2 |     2 ||    17
         Invisible         |       |       |       |     4 |       |     1 ||     5
 Armour: Skin              |     4 |     6 |    19 |    55 |   442 |   782 ||  1308
  Dodge: Dodged            |    43 |   113 |   233 |   678 |  1537 |  2173 ||  4777
  Block: Other             |       |       |    20 |   143 |   321 |   471 ||   955
         Reflection        |       |       |       |     2 |    11 |    72 ||    85
